[Event "3rd Gujarat GM Open 2022"]
[Site "Ahmedabad"]
[Date "2022.04.04"]
[Round "7.3"]
[White "Srihari L R"]
[Black "Fawzy, Adham"]
[Result "1-0"]
[ECO "D72"]
[WhiteElo "2400"]
[BlackElo "2476"]
[Annotator "RC"]
[PlyCount "61"]
[EventDate "2022.03.31"]
[EventType "swiss"]
[EventCountry "IND"]
[SourceTitle "playchess.com"]
[Source "ChessBase"]
[SourceQuality "1"]
[TimeControl "5400+30"]

1. d4 Nf6 2. c4 g6 3. g3 Bg7 4. Bg2 d5 5. cxd5 Nxd5 6. e4 Nb6 7. Ne2 O-O 8. O-O Nc6 9. d5 Na5 10. Nbc3 c6 11. Nf4 cxd5 12. Nfxd5 Be6 13. Bg5 Bxd5 14. exd5 h6 15. Bf4 Nac4 16. Qe2 Rc8 17. Rad1 Qd7 18. Bc1 Kh7 19. Rfe1 Rfe8 20. Ne4 f5 21. b3 Ne5 22. f4 Ng4 23. Nf2 Rxc1 24. Rxc1 Bd4 25. Rf1 Nxd5 26. Kh1 Bxf2 27. Rxf2 e5 28. fxe5 Rxe5 29. Qxe5 Nxf2+ 30. Kg1 Nd3 31. Qxd5 1-0

[Event "3rd Gujarat GM Open 2022"]
[Site "Ahmedabad"]
[Date "2022.04.04"]
[Round "7.4"]
[White "Delgado Ramirez, Neuris"]
[Black "Rajesh, V A V"]
[Result "1-0"]
[ECO "C45"]
[WhiteElo "2615"]
[BlackElo "2376"]
[Annotator "RC"]
[PlyCount "113"]
[EventDate "2022.03.31"]
[EventType "swiss"]
[EventCountry "IND"]
[SourceTitle "playchess.com"]
[Source "ChessBase"]
[SourceQuality "1"]
[TimeControl "5400+30"]

1. e4 e5 2. Nf3 Nc6 3. d4 exd4 4. Nxd4 Nf6 5. Nxc6 bxc6 6. e5 Qe7 7. Qe2 Nd5 8. c4 Ba6 9. b3 Nb6 10. Bb2 O-O-O 11. Nd2 Qe6 12. g3 Kb8 13. Bg2 Re8 14. O-O f6 15. Nf3 fxe5 16. Qxe5 Qxe5 17. Nxe5 Bd6 18. Nf7 Rhg8 19. Nxd6 cxd6 20. Rfe1 g6 21. a4 Kc7 22. Rac1 Bb7 23. a5 Nc8 24. b4 c5 25. b5 Bxg2 26. Kxg2 Re6 27. f4 Rge8 28. Rxe6 dxe6 29. g4 Kd7 30. Kf3 Rf8 31. Ke3 Ne7 32. Rd1 Kc7 33. Ke4 Ng8 34. Rd3 Rf7 35. Bc3 Ne7 36. Be1 Ng8 37. Bh4 Nh6 38. h3 Rd7 39. Be1 Nf7 40. Bd2 Kb7 41. Be3 Rd8 42. Bf2 a6 43. Bh4 Ra8 44. b6 Kc6 45. Re3 Re8 46. Kd3 Kd7 47. Bf6 Rg8 48. Ke2 Nd8 49. f5 gxf5 50. gxf5 Nb7 51. fxe6+ Ke8 52. Bh4 Rg6 53. e7 Nxa5 54. Ra3 Re6+ 55. Kf2 Nc6 56. Rxa6 Kd7 57. Ra7+ 1-0

[Event "3rd Gujarat GM Open 2022"]
[Site "Ahmedabad"]
[Date "2022.04.04"]
[Round "7.5"]
[White "Stany, G.A."]
[Black "Wagh Suyog"]
[Result "1-0"]
[ECO "B62"]
[WhiteElo "2517"]
[BlackElo "2232"]
[Annotator "ChessBase"]
[PlyCount "151"]
[EventDate "2022.03.31"]
[EventType "swiss"]
[EventCountry "IND"]
[SourceTitle "playchess.com"]
[Source "ChessBase"]
[SourceQuality "1"]
[TimeControl "5400+30"]

1. e4 c5 2. Nf3 d6 3. d4 cxd4 4. Nxd4 Nf6 5. Nc3 Nc6 6. Bg5 e6 7. Qd3 Be7 8. O-O-O Qb6 9. Be3 Ng4 10. Nxc6 Qxc6 11. Bf4 O-O 12. Bg3 a6 13. f4 Qc5 14. Rd2 b5 15. Qf3 b4 16. Na4 Qa5 17. Qxg4 Qxa4 18. Kb1 Bd7 19. Bd3 Bb5 20. f5 Bxd3 21. Rxd3 Rac8 22. Rc1 exf5 23. exf5 Rfe8 24. Bf2 Bf6 25. Bd4 Re1 26. b3 Rxc1+ 27. Kxc1 Qxa2 28. Rd2 Bxd4 29. Qxd4 Qxb3 30. Qxd6 Qe3 31. Qxa6 Rd8 32. Qe2 Qa3+ 33. Kb1 Ra8 34. Qe5 b3 35. c4 Qa4 36. Qc3 Re8 37. Rb2 Rb8 38. Rd2 h6 39. f6 Re8 40. Rb2 Ra8 41. Qxb3 Qa1+ 42. Kc2 Rd8 43. Qg3 Qd1+ 44. Kc3 Qd4+ 45. Kb3 Qb6+ 46. Kc2 Qxf6 47. Rb8 Qf5+ 48. Kc3 Qa5+ 49. Kb3 g5 50. c5 Kh7 51. Rxd8 Qxd8 52. Qd6 Qa5 53. Qd3+ Kg8 54. Qc4 Qc7 55. c6 Qb6+ 56. Ka4 Qa7+ 57. Kb5 Qb8+ 58. Ka5 Qc7+ 59. Ka6 Qc8+ 60. Kb6 Qb8+ 61. Kc5 Qf8+ 62. Kd5 Qd8+ 63. Ke4 Qe7+ 64. Kf5 Qc7 65. g3 Qc8+ 66. Ke4 Qc7 67. Qc5 Kh7 68. Qf5+ Kg8 69. Qd7 Qb6 70. c7 Qb1+ 71. Ke5 Qb2+ 72. Qd4 Qe2+ 73. Kd6 Qa6+ 74. Ke7 Qb7 75. Kd8 Kf8 76. Qh8# 1-0

[Event "3rd Gujarat GM Open 2022"]
[Site "Ahmedabad"]
[Date "2022.04.04"]
[Round "7.7"]
[White "Mirzoev, Azer"]
[Black "Daakshin Arun"]
[Result "1-0"]
[ECO "B07"]
[WhiteElo "2468"]
[BlackElo "2173"]
[Annotator "RC"]
[PlyCount "91"]
[EventDate "2022.03.31"]
[EventType "swiss"]
[EventCountry "IND"]
[SourceTitle "playchess.com"]
[Source "ChessBase"]
[SourceQuality "1"]
[TimeControl "5400+30"]

1. d4 Nf6 2. Nf3 g6 3. Nbd2 Bg7 4. e4 d6 5. c3 Nbd7 6. Bd3 e5 7. O-O O-O 8. Re1 c6 9. h3 Qc7 10. a4 a5 11. Nf1 Re8 12. Ng3 b6 13. Bg5 Bb7 14. Qd2 Rad8 15. Rad1 c5 16. d5 c4 17. Bc2 Rc8 18. Rf1 Nc5 19. Nh2 Ncd7 20. Kh1 Kh8 21. f4 exf4 22. Rxf4 Ng8 23. Rxf7 Rf8 24. Rdf1 Rxf7 25. Rxf7 Rf8 26. Qf2 Qc8 27. Ng4 Qe8 28. Rxf8 Qxf8 29. Qxf8 Bxf8 30. Ne2 h6 31. Bf4 g5 32. Be3 Kg7 33. Nd4 Kf7 34. Nf5 Bc8 35. Bd4 Nc5 36. Nge3 Ba6 37. Kg1 Nf6 38. Bxf6 Kxf6 39. Ng4+ Kg6 40. Nxd6 Nd3 41. e5 h5 42. Ne3 Bxd6 43. exd6 Kf6 44. Bd1 Nxb2 45. Bxh5 Nxa4 46. Ng4+ 1-0

[Event "3rd Gujarat GM Open 2022"]
[Site "Ahmedabad"]
[Date "2022.04.04"]
[Round "7.8"]
[White "Krishna C R G"]
[Black "Weerawardane, Romesh"]
[Result "1-0"]
[ECO "E11"]
[WhiteElo "2466"]
[BlackElo "2005"]
[Annotator "RC"]
[PlyCount "67"]
[EventDate "2022.03.31"]
[EventType "swiss"]
[EventCountry "IND"]
[SourceTitle "playchess.com"]
[Source "ChessBase"]
[SourceQuality "1"]
[TimeControl "5400+30"]

1. d4 Nf6 2. Nf3 e6 3. c4 Bb4+ 4. Bd2 Qe7 5. g3 O-O 6. Bg2 Nc6 7. O-O Bxd2 8. Nbxd2 d6 9. e4 e5 10. d5 Nb8 11. Ne1 a5 12. Nd3 Na6 13. f4 exf4 14. gxf4 Rb8 15. Qf3 Nd7 16. Nb3 a4 17. Nd4 Qf6 18. Qe3 Ndc5 19. Nf2 Re8 20. Rfe1 Qg6 21. Kh1 c6 22. Qd2 cxd5 23. cxd5 Qf6 24. Re2 Bd7 25. Rae1 Nc7 26. e5 Qh6 27. b4 axb3 28. axb3 Nb5 29. b4 dxe5 30. Nxb5 Bxb5 31. bxc5 Bxe2 32. Qxe2 Qxf4 33. Ne4 Qh4 34. Nd6 1-0

[Event "3rd Gujarat GM Open 2022"]
[Site "Ahmedabad"]
[Date "2022.04.04"]
[Round "7.10"]
[White "Ayush Sharma"]
[Black "Abdisalimov, Abdimalik"]
[Result "0-1"]
[ECO "B90"]
[WhiteElo "2302"]
[BlackElo "2435"]
[Annotator "RC"]
[PlyCount "92"]
[EventDate "2022.03.31"]
[EventType "swiss"]
[EventCountry "IND"]
[SourceTitle "playchess.com"]
[Source "ChessBase"]
[SourceQuality "1"]
[TimeControl "5400+30"]

1. e4 c5 2. Nf3 d6 3. d4 cxd4 4. Nxd4 Nf6 5. Nc3 a6 6. h3 Nc6 7. g4 Qb6 8. Nde2 e6 9. Bg2 Be7 10. O-O h6 11. Be3 Qc7 12. f4 b5 13. Nd4 Nxd4 14. Qxd4 Nd7 15. a4 b4 16. Qxb4 Rb8 17. Qa3 Nb6 18. Bd4 Nc4 19. Qa2 Bf6 20. Bxf6 Qc5+ 21. Rf2 Rxb2 22. Qxb2 Nxb2 23. Bxg7 Rg8 24. Bf6 Nc4 25. e5 d5 26. Rd1 Bb7 27. Ne4 Qc7 28. Bf1 Ne3 29. Nd6+ Kd7 30. Rb1 Rb8 31. Nxf7 Ba8 32. Rxb8 Qxb8 33. f5 Nxf1 34. fxe6+ Kxe6 35. Nd8+ Kd7 36. Rxf1 d4 37. e6+ Ke8 38. Bh4 Qb6 39. e7 d3+ 40. Kh2 Qd6+ 41. Kg1 Qd4+ 42. Kh2 Qe5+ 43. Kg1 Qe3+ 44. Kh2 Qe2+ 45. Rf2 Qxf2+ 46. Bxf2 d2 0-1

[Event "3rd Gujarat GM Open 2022"]
[Site "Ahmedabad"]
[Date "2022.04.04"]
[Round "7.12"]
[White "Audi Ameya"]
[Black "Krishnan Ritvik"]
[Result "1-0"]
[ECO "B67"]
[WhiteElo "2418"]
[BlackElo "1761"]
[Annotator "RC"]
[PlyCount "59"]
[EventDate "2022.03.31"]
[EventType "swiss"]
[EventCountry "IND"]
[SourceTitle "playchess.com"]
[Source "ChessBase"]
[SourceQuality "1"]
[TimeControl "5400+30"]

1. e4 c5 2. Nf3 d6 3. d4 cxd4 4. Nxd4 Nf6 5. Nc3 Nc6 6. Bg5 e6 7. Qd2 a6 8. O-O-O Bd7 9. f3 Be7 10. h4 h6 11. Be3 h5 12. Nxc6 Bxc6 13. Bg5 Qc7 14. Bc4 b5 15. Bd3 b4 16. Ne2 d5 17. e5 Ng8 18. Nd4 a5 19. f4 g6 20. Kb1 Bc5 21. c3 Qb6 22. Nxc6 Qxc6 23. Qe2 Rb8 24. cxb4 Bxb4 25. Rc1 Qb6 26. Bb5+ Qxb5 27. Rc8+ Kd7 28. Rhc1 Bd6 29. Qxb5+ Rxb5 30. Rd8# 1-0

[Event "3rd Gujarat GM Open 2022"]
[Site "Ahmedabad"]
[Date "2022.04.04"]
[Round "7.15"]
[White "De Silva, L M S T"]
[Black "Huerga Leache, Mikel"]
[Result "1/2-1/2"]
[ECO "B30"]
[WhiteElo "2220"]
[BlackElo "2470"]
[Annotator "RC"]
[PlyCount "80"]
[EventDate "2022.03.31"]
[EventType "swiss"]
[EventCountry "IND"]
[SourceTitle "playchess.com"]
[Source "ChessBase"]
[SourceQuality "1"]
[TimeControl "5400+30"]

1. e4 c5 2. Nf3 Nc6 3. Bb5 e5 4. O-O Bd6 5. c3 a6 6. Ba4 b5 7. Bc2 Nge7 8. h3 O-O 9. d4 cxd4 10. cxd4 exd4 11. Nxd4 Nxd4 12. Qxd4 Qc7 13. Qd1 Bb7 14. Nc3 Rac8 15. a3 Bh2+ 16. Kh1 Be5 17. Bd2 d5 18. Rc1 Bxc3 19. Bxc3 dxe4 20. Qg4 Ng6 21. Bxe4 f5 22. Bxf5 Bxg2+ 23. Kg1 Bxf1 24. Bxc8 Rxc8 25. Qe6+ Kh8 26. Bxg7+ Kxg7 27. Rxc7+ Rxc7 28. Qd6 Rc1 29. Qd7+ Kf8 30. Qd8+ Kf7 31. Qd5+ Kf6 32. Qd4+ Kf5 33. Qg4+ Kf6 34. Qd4+ Kf7 35. Qd5+ Ke8 36. Qe4+ Kf8 37. Qa8+ Kg7 38. Qa7+ Kg8 39. Qa8+ Kg7 40. Qa7+ Kf6 1/2-1/2

[Event "3rd Gujarat GM Open 2022"]
[Site "Ahmedabad"]
[Date "2022.04.04"]
[Round "7.18"]
[White "Shahil Dey"]
[Black "Ratnakaran, K.."]
[Result "1/2-1/2"]
[ECO "C05"]
[WhiteElo "2400"]
[BlackElo "2316"]
[Annotator "RC"]
[PlyCount "109"]
[EventDate "2022.03.31"]
[EventType "swiss"]
[EventCountry "IND"]
[SourceTitle "playchess.com"]
[Source "ChessBase"]
[SourceQuality "1"]
[TimeControl "5400+30"]

1. e4 e6 2. d4 d5 3. Nd2 Nf6 4. e5 Nfd7 5. f4 c5 6. c3 Nc6 7. Ndf3 Qb6 8. a3 c4 9. Ne2 Be7 10. h4 f6 11. g4 fxe5 12. fxe5 O-O 13. Nf4 Ndxe5 14. Nxe5 Nxe5 15. dxe5 Bc5 16. Qe2 d4 17. Rh2 Bd7 18. Qxc4 dxc3 19. Bd3 Bd4 20. Rb1 cxb2 21. Bd2 Rxf4 22. Bxf4 Rc8 23. Qa2 Bxe5 24. Rf2 Bxf4 25. Qxb2 Bg3 26. Qxb6 axb6 27. Ke2 Bxf2 28. Kxf2 Rc3 29. Be4 b5 30. Bxb7 Kf7 31. Be4 h6 32. Rd1 Ke7 33. Rd3 Rxd3 34. Bxd3 g5 35. hxg5 hxg5 36. Ke3 Kd6 37. Be2 Kc5 38. Ke4 Kd6 39. Ke3 Be8 40. Bf1 Bc6 41. Bd3 Kc5 42. Bf1 Bd5 43. Be2 e5 44. Bd1 Kb6 45. Bc2 Ka5 46. Bd1 Bh1 47. Bc2 Bg2 48. Kf2 Bc6 49. Ke3 Be8 50. Kf3 Bd7 51. Bd1 Bc6+ 52. Ke3 Bh1 53. Bc2 e4 54. Bb3 Bf3 55. Be6 1/2-1/2

[Event "3rd Gujarat GM Open 2022"]
[Site "Ahmedabad"]
[Date "2022.04.06"]
[Round "9.1"]
[White "Srihari L R"]
[Black "Neelotpal, Das"]
[Result "1/2-1/2"]
[ECO "D79"]
[WhiteElo "2400"]
[BlackElo "2409"]
[Annotator "TA"]
[PlyCount "61"]
[EventDate "2022.03.31"]
[EventType "swiss"]
[EventCountry "IND"]
[SourceTitle "playchess.com"]
[Source "ChessBase"]
[SourceQuality "1"]
[TimeControl "5400+30"]

1. d4 d5 2. c4 c6 3. Nf3 Nf6 4. g3 g6 5. Bg2 Bg7 6. O-O O-O 7. Ne5 Ng4 8. cxd5 cxd5 9. Bf4 Nxe5 10. Bxe5 Nc6 (10... f6 $5 11. Bf4 Nc6 $11) 11. Bxg7 Kxg7 12. Nc3 e6 13. e3 b6 14. Qe2 Bb7 15. Rfd1 Ne7 16. Rac1 Rc8 17. b3 Qd7 18. Qb2 Rc7 19. Bf1 Rfc8 20. Nb5 Rxc1 21. Rxc1 Ba6 22. Rxc8 Nxc8 23. Qc1 Bxb5 24. Bxb5 Qxb5 25. Qxc8 Qe2 26. Qc7 Qxa2 27. Qe5+ Kg8 28. Qb8+ Kg7 29. Qe5+ Kg8 30. Qb8+ Kg7 31. Qe5+ 1/2-1/2

[Event "3rd Gujarat GM Open 2022"]
[Site "Ahmedabad"]
[Date "2022.04.06"]
[Round "9.2"]
[White "Stany, G.A."]
[Black "Nigmatov, Ortik"]
[Result "0-1"]
[ECO "C78"]
[WhiteElo "2517"]
[BlackElo "2445"]
[Annotator "TA"]
[PlyCount "74"]
[EventDate "2022.03.31"]
[EventType "swiss"]
[EventCountry "IND"]
[SourceTitle "playchess.com"]
[Source "ChessBase"]
[SourceQuality "1"]
[TimeControl "5400+30"]

1. e4 e5 2. Nf3 Nc6 3. Bb5 a6 4. Ba4 Nf6 5. O-O Bc5 6. c3 b5 7. Bb3 d6 8. d4 Bb6 9. Re1 Bg4 10. Be3 Bxf3 11. gxf3 Na5 12. Kh1 Nh5 13. Rg1 Nxb3 (13... O-O {is interesting.} 14. a4 Nxb3 15. Qxb3 Rb8) 14. axb3 g6 15. c4 exd4 16. Bxd4 Bxd4 17. Qxd4 O-O 18. cxb5 axb5 19. Rxa8 Qxa8 20. Nc3 Qe8 21. Rg5 (21. b4 $11 {remains equal.}) 21... h6 ({Black should play} 21... Qd8 $17 22. Rg1 Qd7) 22. Rxb5 (22. Rg1 $1 $11) 22... Qe6 $1 $17 23. e5 (23. Ne2 $17 Qh3 24. Ng1) 23... Ra8 $1 $19 ({Not} 23... Qh3 24. Qg4 Qf1+ 25. Qg1 $15) 24. Qg4 {[%emt 0:02:16] [#]} (24. Ne2 {was called for.} Qh3 25. Ng1) 24... Ra1+ $1 $19 25. Kg2 dxe5 26. Nd5 $2 (26. Ne2 Re1 27. Qxe6 fxe6 28. Rxe5 Nf4+ 29. Nxf4 Rxe5 30. b4) 26... c6 $19 27. Rb8+ Kh7 28. Qxe6 fxe6 29. Rb7+ Kh8 30. Rb8+ Kg7 31. Rb7+ Kf8 32. Rb8+ {[%emt 0:00:08] [#]} Kf7 $1 33. Rb7+ Ke8 34. Nc7+ Kd7 35. Nb5+ Kd8 36. Rb8+ Ke7 37. Rb7+ Kf6 0-1

[Event "3rd Gujarat GM Open 2022"]
[Site "Ahmedabad"]
[Date "2022.04.06"]
[Round "9.3"]
[White "Harsha Bharathakoti"]
[Black "Abdisalimov, Abdimalik"]
[Result "1/2-1/2"]
[ECO "D47"]
[WhiteElo "2499"]
[BlackElo "2435"]
[Annotator "TA"]
[PlyCount "94"]
[EventDate "2022.03.31"]
[EventType "swiss"]
[EventCountry "IND"]
[SourceTitle "playchess.com"]
[Source "ChessBase"]
[SourceQuality "1"]
[TimeControl "5400+30"]

1. c4 e6 2. Nf3 d5 3. d4 Nf6 4. Nc3 dxc4 5. e3 a6 6. Bxc4 b5 7. Be2 Bb7 8. O-O Nbd7 9. a4 b4 10. Nb1 c5 11. Nbd2 Be7 12. Nc4 O-O 13. Bd2 Rc8 14. dxc5 a5 15. c6 Bxc6 16. Nd4 Bd5 17. Rc1 Ne4 18. Be1 Bf6 19. f3 Bxc4 20. Rxc4 Nec5 21. Rc2 Nb6 22. Rd2 Qd5 23. Bb5 Bxd4 24. Rxd4 (24. exd4 $11 {remains equal.}) 24... Qb3 (24... Qa2 $17 25. Rf2 e5) 25. Qxb3 $11 Nxb3 26. Rd1 Nc4 27. Rf2 Nb6 (27... Nxe3 {is interesting.} 28. Rd3 Nc2 29. Rxc2 Rxc2 30. Rxb3 Rd8) 28. Re2 Nc5 29. Bg3 f6 30. e4 Rfd8 31. Rxd8+ Rxd8 32. Bc7 Rd1+ 33. Kf2 Nbxa4 34. Bxa5 Rb1 $1 35. Bxb4 Nxb2 36. Bxc5 Nd1+ 37. Kg3 Rxb5 38. Bd4 e5 39. Rd2 Rb1 40. Bc5 Rc1 41. Bf2 h5 42. h4 Kh7 43. Bb6 Nc3 44. Be3 Nd1 45. Bb6 Nc3 46. Be3 Nd1 47. Bb6 Nc3 1/2-1/2

[Event "3rd Gujarat GM Open 2022"]
[Site "Ahmedabad"]
[Date "2022.04.06"]
[Round "9.4"]
[White "Mehar, Chinna Reddy C.H."]
[Black "Venkatesh, M.R."]
[Result "1/2-1/2"]
[ECO "A49"]
[WhiteElo "2422"]
[BlackElo "2493"]
[Annotator "TA"]
[PlyCount "101"]
[EventDate "2022.03.31"]
[EventType "swiss"]
[EventCountry "IND"]
[SourceTitle "playchess.com"]
[Source "ChessBase"]
[SourceQuality "1"]
[TimeControl "5400+30"]

1. d4 Nf6 2. Nf3 g6 3. g3 Bg7 4. Bg2 c5 5. d5 O-O 6. a4 e6 7. Nc3 exd5 8. Nxd5 Nxd5 9. Qxd5 d6 10. O-O Nc6 11. Bf4 Be6 12. Qxd6 Qb6 13. Be3 Rac8 14. Qxc5 Qxb2 15. Rab1 Qa2 16. Qg5 b6 17. Qh4 Qc4 18. Qxc4 Bxc4 19. Nd2 Bxe2 20. Rfe1 Bg4 21. c4 Ne5 22. Bf1 Rfd8 23. Rb3 Be6 24. Bg5 Rd4 25. Nf3 Nxf3+ 26. Rxf3 h6 27. Bf6 Bxf6 28. Rxf6 Kg7 29. Rf3 Rc5 30. Rb3 Ra5 31. Ra1 Rd2 32. Rb5 Ra6 (32... Rc2 $17 33. Rxa5 bxa5) 33. Rbb1 Bf5 $1 34. Rb3 Be6 (34... Bd7 $15) 35. Rbb1 $1 $11 Ra5 ({Black should try} 35... Rd4 $11) 36. Rb5 $17 {[#]} Rc2 $1 37. Rxa5 bxa5 38. Rb1 Bxc4 39. Bxc4 Rxc4 40. Rb7 (40. Ra1 $17) 40... Rxa4 41. Rxa7 Kf6 (41... h5 $19 42. Kg2 Ra3) 42. Kg2 $17 Ra3 (42... Ra1 $19 {And now ...a4 would win.} 43. Ra6+ Ke5) 43. g4 $17 h5 (43... g5 $17 44. Ra6+ Kg7) 44. gxh5 $11 gxh5 45. h4 Kg6 46. f3 Ra1 47. Ra6+ f6 48. Ra8 a4 49. Ra5 (49. Kg3 $11) 49... Ra3 (49... a3 $5 50. Kg3 a2 $17) 50. Kh2 $2 (50. Kg3 $11) 50... Kf7 $2 (50... Rxf3 $19 51. Rxa4 Kf5) 51. Rxh5 $2 (51. Kg3 $11) 1/2-1/2

[Event "3rd Gujarat GM Open 2022"]
[Site "Ahmedabad"]
[Date "2022.04.06"]
[Round "9.5"]
[White "Krishna C R G"]
[Black "Anuj Shrivatri"]
[Result "0-1"]
[ECO "D00"]
[WhiteElo "2466"]
[BlackElo "2350"]
[Annotator "TA"]
[PlyCount "94"]
[EventDate "2022.03.31"]
[EventType "swiss"]
[EventCountry "IND"]
[SourceTitle "playchess.com"]
[Source "ChessBase"]
[SourceQuality "1"]
[TimeControl "5400+30"]

1. d4 Nf6 2. Bg5 d5 3. e3 c6 4. Bxf6 exf6 5. g3 Bd6 6. Nd2 Nd7 7. Bg2 f5 8. Ne2 Nf6 9. c4 dxc4 10. Nxc4 Bc7 11. Nc3 Be6 12. Qe2 Qe7 13. O-O Qb4 14. Nd2 O-O 15. Rfc1 a5 16. a3 Qe7 17. Rc2 Rfd8 18. Rac1 a4 19. Nb5 Bb8 20. Nc3 g6 21. Re1 Kg7 22. Rcc1 Bc7 23. Qd1 Ba5 24. Re2 Bxc3 25. Rxc3 Ra5 26. Nc4 Ra6 27. Ne5 Ne4 28. Rc1 c5 29. f3 (29. Bxe4 fxe4 30. Qe1 f6 $17) (29. Qe1 $11) 29... Nf6 (29... Bb3 $6 30. Qf1 cxd4 31. exd4 Rxd4 32. fxe4 $11) (29... cxd4 {with more complications.} 30. fxe4 d3 31. Nxd3 fxe4 32. Bxe4 Bg4) 30. Rd2 Bb3 31. Qe1 cxd4 32. exd4 Nd5 33. Re2 Re6 34. Bf1 {[%emt 0:00:00] [#]} ({White should play} 34. f4 $15) 34... Re8 $1 $19 35. Kf2 h5 ({Weaker is} 35... f6 36. Nd3 $11) (35... Qg5 $19 {aiming for ...Qh6.} 36. Qd2 f4) 36. Qd2 {[%emt 0:00:00] [#]} h4 $1 (36... f6 37. Nd3 $11) 37. Nd3 Rxe2+ 38. Qxe2 Qd8 ({Worse is} 38... hxg3+ 39. hxg3 Ne3 40. Qd2 $17) 39. Qd2 hxg3+ 40. hxg3 Qf6 41. Nc5 $2 (41. Nf4 $17) 41... f4 $19 42. Ne4 Qe7 ({Avoid the trap} 42... fxg3+ $2 43. Kxg3 Qd8 44. Bg2 $19) 43. Bb5 (43. Kg1 $142 fxg3 44. Nxg3) 43... Rh8 $19 44. Kg1 fxg3 45. Nxg3 Qh4 46. Qf2 Qg5 47. Rc5 Rh3 0-1

[Event "3rd Gujarat GM Open 2022"]
[Site "Ahmedabad"]
[Date "2022.04.06"]
[Round "9.6"]
[White "Mirzoev, Azer"]
[Black "Laxman, R.R."]
[Result "1/2-1/2"]
[ECO "D38"]
[WhiteElo "2468"]
[BlackElo "2429"]
[Annotator "TA"]
[PlyCount "142"]
[EventDate "2022.03.31"]
[EventType "swiss"]
[EventCountry "IND"]
[SourceTitle "playchess.com"]
[Source "ChessBase"]
[SourceQuality "1"]
[TimeControl "5400+30"]

1. d4 Nf6 2. Nf3 e6 3. c4 d5 4. Nc3 Bb4 5. Qa4+ Nc6 6. a3 Bxc3+ 7. bxc3 Bd7 8. cxd5 exd5 9. Bg5 O-O 10. e3 h6 11. Bh4 Re8 12. Qc2 g5 13. Bg3 Ne4 14. Nd2 Bf5 15. Bd3 Na5 16. Nxe4 Bxe4 17. O-O Nc4 18. Rfe1 c6 19. f3 Bxd3 20. Qxd3 Qf6 21. a4 b6 22. Ra2 Re6 23. e4 Qg6 24. Rae2 Rae8 25. h3 Kg7 26. Qc2 f6 27. Qa2 f5 28. exd5 cxd5 29. Rxe6 Rxe6 30. Be5+ Kh7 31. Qb1 a6 32. f4 gxf4 33. Bxf4 Re4 34. Rf1 Qe6 35. Kh2 Re2 36. Qd3 Qe4 37. Qg3 Qe6 38. Bc1 Nd6 39. Qf4 Qg6 40. Qf3 Qe6 41. Qh5 Ra2 42. Bf4 Ne4 43. Rb1 Kg8 44. Be5 Ng5 45. Rf1 Kh7 46. h4 Qf7 47. Qxf7+ Nxf7 48. Rxf5 Nxe5 49. Rxe5 Rxa4 50. Rxd5 b5 51. Rd7+ Kg6 52. Rd6+ Kg7 53. Kg3 Ra3 54. Kf4 Rxc3 55. Rxa6 Rd3 56. Ke5 $1 Re3+ {[%emt 0:00:37] [#]} 57. Kf5 $1 Rg3 $2 (57... Rd3 58. Rg6+ Kh7) 58. Ra7+ Kf8 59. Ra2 $2 ({White should try} 59. Rb7 $18) 59... Ke7 (59... b4 $14) 60. Ke5 (60. Rb2 $16) 60... b4 (60... Kd7 $1 $11 {keeps the balance.}) 61. Ra7+ $16 Kd8 62. Rb7 b3 {[%emt 0:00:11] [#]} 63. d5 ({White should play} 63. Kf4 $1 $16 Rd3 64. Ke4) 63... Kc8 $11 64. Rb5 Kd7 65. Kf4 Rxg2 66. Rxb3 h5 $1 67. Rg3 Rxg3 68. Kxg3 Kd6 69. Kf4 Kxd5 70. Kg5 Ke6 71. Kxh5 Kf7 1/2-1/2

[Event "3rd Gujarat GM Open 2022"]
[Site "Ahmedabad"]
[Date "2022.04.06"]
[Round "9.7"]
[White "Delgado Ramirez, Neuris"]
[Black "Ritviz, Parab"]
[Result "1-0"]
[ECO "C99"]
[WhiteElo "2615"]
[BlackElo "2349"]
[Annotator "TA"]
[PlyCount "83"]
[EventDate "2022.03.31"]
[EventType "swiss"]
[EventCountry "IND"]
[SourceTitle "playchess.com"]
[Source "ChessBase"]
[SourceQuality "1"]
[TimeControl "5400+30"]

1. e4 e5 2. Nf3 Nc6 3. Bb5 a6 4. Ba4 Nf6 5. O-O Be7 6. Re1 b5 7. Bb3 d6 8. c3 O-O 9. h3 Na5 10. Bc2 c5 11. d4 Qc7 12. Nbd2 cxd4 13. cxd4 Nc6 14. a3 exd4 15. Nb3 d5 16. e5 Ne4 17. Bf4 Bb7 18. Rc1 Qb6 19. Nfxd4 Rfd8 20. Be3 Nxe5 21. Nf5 Qf6 22. Nxe7+ Qxe7 23. f3 Ng5 24. Nd4 $1 Ne6 25. Bf2 ({Better is} 25. Nxe6 $1 $16 fxe6 26. Bb6) 25... Nc6 26. Qd3 g6 27. Nxe6 $1 fxe6 28. b4 Qf6 29. Bb3 Rac8 30. Qe3 e5 (30... Re8 $16 {keeps fighting.}) 31. Qb6 $18 Qf7 32. Rc5 Nd4 33. Bxd4 exd4 34. Rxc8 (34. Re5 $1 $18) 34... Rxc8 $16 35. Qxd4 Rc7 {[%emt 0:00:56] [#]} (35... Re8 $16 36. Rxe8+ Qxe8) 36. f4 (36. Re5 $1 $18 Rd7 37. h4) 36... Rd7 {[%emt 0:00:38] [#]} (36... Re7 $16 {might work better.} 37. Rxe7 Qxe7) 37. Re5 $1 $18 Rd6 38. Kh2 Rd7 $2 (38... Kf8 39. Kg1 Qd7) 39. f5 gxf5 $2 (39... Rd6 40. Qe3 Bc6) 40. Bc2 $18 Qg7 (40... Rd6 $142 41. Qe3 (41. Rxf5 Qc7 $18) 41... Kf8) 41. Qf4 $18 d4 42. Bb3+ 1-0

[Event "3rd Gujarat GM Open 2022"]
[Site "Ahmedabad"]
[Date "2022.04.06"]
[Round "9.8"]
[White "Sai Agni Jeevitesh, J."]
[Black "Savchenko, Boris"]
[Result "0-1"]
[ECO "D96"]
[WhiteElo "2316"]
[BlackElo "2535"]
[Annotator "TA"]
[PlyCount "66"]
[EventDate "2022.03.31"]
[EventType "swiss"]
[EventCountry "IND"]
[SourceTitle "playchess.com"]
[Source "ChessBase"]
[SourceQuality "1"]
[TimeControl "5400+30"]

1. d4 Nf6 2. c4 g6 3. Nc3 d5 4. Nf3 Bg7 5. Qb3 dxc4 6. Qxc4 Be6 7. Qd3 O-O 8. e4 c5 9. d5 Bg4 10. h3 Bxf3 11. Qxf3 Nbd7 12. Be2 a6 13. a4 Qa5 14. Ra3 Ne8 15. h4 h6 16. h5 g5 17. Qh3 Rd8 $1 18. f4 gxf4 19. O-O Kh8 ({Don't do} 19... Bd4+ 20. Kh1 $14) 20. Rb3 ({Better is} 20. Bxf4 $11 Qb4 21. Bc1) 20... c4 ({Much weaker is} 20... Bd4+ 21. Kh1 c4 22. Rxb7 $14) 21. Rxb7 Nc5 $1 22. Rxe7 Nb3 23. Rxe8 $1 Rdxe8 24. Bxf4 Nd4 25. Bg4 {[%emt 0:03:25] [#]} (25. Qe3 $14 {keeps the upper hand.} Nxe2+ 26. Nxe2) 25... Qb6 $1 $17 26. Kh1 Qxb2 27. d6 $2 (27. Bd6 $1 $15) 27... Ne6 $19 28. Bxe6 $2 (28. d7 {might work better.} Nxf4 29. dxe8=Q Nxh3 30. Nd1 Rxe8 31. Nxb2) 28... fxe6 $19 ({Don't blunder} 28... Rxe6 $2 29. Rc1 $19) 29. d7 Rd8 30. Rf3 Rxf4 31. Qxe6 Rxf3 32. gxf3 Qc1+ 33. Kg2 Qd2+ (33... Qg5+ $142 34. Kf1 Bxc3 35. Qe8+ Kg7 36. Qe6 Bd4 37. Qg6+ Qxg6 38. hxg6 c3 39. Ke2 Rxd7 40. Kd1 Be5+ 41. Kc1 Rd2 42. f4 Bxf4 43. Kb1 Rh2 44. a5 c2+ 45. Kb2 c1=Q+ 46. Kb3 Qc2+ 47. Kb4 Bd6#) 0-1

[Event "3rd Gujarat GM Open 2022"]
[Site "Ahmedabad"]
[Date "2022.04.06"]
[Round "9.9"]
[White "Neelash Saha"]
[Black "Liyanage, Ranindu Dilshan"]
[Result "1/2-1/2"]
[ECO "D38"]
[WhiteElo "2445"]
[BlackElo "2340"]
[Annotator "TA"]
[PlyCount "75"]
[EventDate "2022.03.31"]
[EventType "swiss"]
[EventCountry "IND"]
[SourceTitle "playchess.com"]
[Source "ChessBase"]
[SourceQuality "1"]
[TimeControl "5400+30"]

1. d4 d5 2. c4 e6 3. Nf3 Nf6 4. Nc3 Bb4 5. cxd5 exd5 6. Bg5 h6 7. Bh4 O-O 8. e3 Bf5 9. Be2 c5 10. dxc5 Bxc3+ 11. bxc3 Nbd7 12. Qd4 Qc7 13. Nd2 a5 14. c4 dxc4 15. Nxc4 (15. O-O {is more complex.} Rfd8 16. Nxc4 Nxc5 17. Bg3) 15... Qxc5 16. Qxc5 Nxc5 17. Bxf6 gxf6 18. f3 (18. O-O $14) 18... Rfd8 19. Nb6 Rab8 20. e4 Be6 21. Kf2 Nd3+ 22. Bxd3 Rxd3 23. Rhd1 Rbd8 24. Nd5 Rxd1 25. Rxd1 Kf8 26. Ke3 b5 27. Rd2 f5 28. Kd4 fxe4 29. fxe4 Rc8 30. Ke5 b4 31. Kf6 Rb8 32. Rd4 Bxd5 33. exd5 a4 34. Rd2 b3 35. axb3 $1 axb3 36. Rb2 Rb6+ 37. Ke5 Ke7 38. Ke4 1/2-1/2